 Dungeon Crawl Stone Soup version 0.27.0-1-g7a089689b8 (webtiles) character file.

Game seed: 10819117848708120469

9355 GordonOverkill the Fighter (level 11, -7/92 HPs)
             Began as a Formicid Berserker on Aug 13, 2021.
             Was a Believer of Trog.
             Mangled by a spriggan (10 damage)
             ... on level 12 of the Dungeon.
             The game lasted 00:35:20 (14485 turns).

GordonOverkill the Fighter (Formicid Berserker)    Turns: 14485, Time: 00:35:21

Health: -7/92      AC: 15    Str: 26    XL:     11   Next: 72%
Magic:  11/11      EV:  7    Int:  6    God:    Trog [**....]
Gold:   420        SH:  4    Dex: 10    Spells: 10/10 levels left

rFire    + . .     SeeInvis +   e - +2 morningstar (freeze)
rCold    x . .     Faith    .   b - +0 buckler
rNeg     . . .     Spirit   .   c - +0 plate armour
rPois    .         Reflect  .   (helmet unavailable)
rElec    .         Harm     .   (no cloak)
rCorr    .         Rampage  .   (no gloves)
Will     ++...                  s - +2 pair of boots
Stlth    ..........             (no amulet)
HPRegen  0.25/turn              g - ring of fire
MPRegen  0.12/turn              j - ring of willpower

@: very slightly contaminated, invisible
A: permanent stasis, dig shafts and tunnels, antennae 3, four strong arms
a: Dig, Shaft Self, Renounce Religion, Trog's Hand


You were on level 12 of the Dungeon.
You worshipped Trog.
Trog was pleased with you.
You visited 1 branch of the dungeon, and saw 10 of its levels.

You collected 430 gold pieces.
You spent 10 gold pieces at shops.

Inventory:

Hand Weapons
 e - a +2 morningstar of freezing (weapon)
 v - a +1 dagger of venom
 w - a +3 hand axe
Missiles
 l - 2 silver boomerangs
 o - 20 boomerangs (quivered)
 C - a throwing net
 D - a curare-tipped dart
Armour
 b - a +0 buckler (worn)
 c - a +0 plate armour (worn)
 i - +0 acid dragon scales
 r - a +2 leather armour of cold resistance
 s - a +2 pair of boots (worn)
 y - a +1 ring mail of willpower
Jewellery
 g - a ring of fire (left hand)
 j - a ring of willpower (right hand)
 u - a +6 ring of intelligence
Wands
 n - a wand of polymorph (9)
 t - a wand of flame (8)
 x - a wand of digging (6)
Scrolls
 a - 2 scrolls of vulnerability
 d - 2 scrolls of immolation
 m - a scroll of identify
 q - 2 scrolls of magic mapping
 B - a scroll of silence
Potions
 f - 2 potions of flight
 h - a potion of lignification {unknown}
 A - a potion of mutation
Miscellaneous
 z - a box of beasts (inert)


   Skills:
 + Level 10.4 Fighting
 - Level 7.8(10.1) Axes
 * Level 10.0(11.0) Maces & Flails
 - Level 5.0 Throwing
 + Level 4.3 Armour
 - Level 2.0 Dodging
 + Level 4.5 Shields
 - Level 5.0 Evocations


You had 10 spell levels left.
You didn't know any spells.
Your spell library was empty.

Dungeon Overview and Level Annotations

Branches:
Dungeon (9/15)             Temple (0/1) D:6
   Lair: D:8-11         Orc: D:9-12

Altars:
Ashenzari
Dithmenos
Elyvilon
Fedhas
Hepliaklqana
Nemelex Xobeh
Qazlal
Sif Muna
Trog
Uskayaw
Yredelemnul
The Shining One

Shops:
D:1 !


Innate Abilities, Weirdness & Mutations

You cannot be hasted, slowed, berserked, paralysed or teleported.
You can dig through walls and to a lower floor.
You have a pair of large antennae on your head. (SInv)
Your four strong arms can wield two-handed weapons with a shield.


Message History

The fire elemental hits you. The fire elemental burns you! You resist.
* * * LOW HITPOINT WARNING * * *
You begin to dig a shaft.
You continue digging a shaft.
You are covered in liquid flames!
* * * LOW HITPOINT WARNING * * *
The fire elemental hits you. The fire elemental burns you! You resist.
* * * LOW HITPOINT WARNING * * *
The fire elemental hits you.
* * * LOW HITPOINT WARNING * * *
The fire elemental burns you! You resist.
* * * LOW HITPOINT WARNING * * *
The deep elf pyromancer casts a spell.
The deep elf pyromancer blinks!
A shaft appears beneath you!
You fall into a shaft and drop 3 floors!
The shaft crumbles and collapses.
An orc warrior and a spriggan come into view.
You are covered in liquid flames!
* * * LOW HITPOINT WARNING * * *
You are no longer on fire.
The spriggan shouts!
Unknown command.
You feel better.
The orc warrior hits you with a +0 dire flail!
* * * LOW HITPOINT WARNING * * *
Okay, then.
Okay, then.
You feel better.
The spriggan hits you but does no damage.
The orc warrior hits you with a +0 dire flail!
* * * LOW HITPOINT WARNING * * *
Okay, then.
You miss the spriggan.
Your skin stops crawling.
You feel less strong-willed.
The spriggan hits you with a +0 short sword.
* * * LOW HITPOINT WARNING * * *
The orc warrior barely misses you.
You miss the spriggan.
The spriggan hits you with a +0 short sword!
You die...

♣♣♣♣♣♣♣
♣♣......♣
♣@..♣
♣io.♣
♣....♣♣
♣♣♣♣..♣
♣..♣ .♣♣
.♣ ♣♣


You could see an orc warrior and a spriggan.

Vanquished Creatures
  2 two-headed ogres
  A manticore (D:9)
  A troll (D:8)
  Prince Ribbit (D:6)
  5 slime creatures
  Eustachio (D:5)
  6 yaks
  2 wyverns
  5 water moccasins
  2 acid dragons (D:7)
  An ice beast (D:6)
  2 orc warriors
  A sky beast (D:7)
  A black bear (D:6)
  2 ogres
  2 necrophages
  3 centaurs
  A phantom (D:4)
  2 kobold brigands (D:9)
  Blork the orc (D:4)
  4 bullfrogs
  A scorpion (D:6)
  3 wyvern skeletons
  2 killer bees (D:9)
  6 wights
  A howler monkey (D:3)
  2 bullfrog zombies (D:6)
  A centaur zombie (D:9)
  2 jellies
  3 orc priests
  A centaur skeleton (D:4)
  2 gnoll shamans
  15 orc wizards
  An iguana (D:5)
  2 hound skeletons (D:4)
  13 gnolls
  A howler monkey skeleton (D:7)
  5 adders
  2 shadow imps
  3 white imps
  3 ufetubi
  An adder skeleton (D:4)
  3 worms
  6 dart slugs
  24 orcs
  11 bats
  5 endoplasms
  A giant cockroach (D:2)
  2 goblins
  8 hobgoblins
  10 jackals
  5 kobolds
  3 quokkas
  4 ball pythons
  3 frilled lizards
  2 rats
  A spectral orc (D:9)
204 creatures vanquished.

Vanquished Creatures (collateral kills)
  2 two-headed ogres
  A vampire (D:9)
  An orc warrior (D:8)
  2 orcs (D:8)
6 creatures vanquished.

Vanquished Creatures (others)
  6 plants (D:7)
6 creatures vanquished.

Grand Total: 216 creatures vanquished

Notes
Turn   | Place    | Note
-------+----------+-------------------------------------------
     0 | D:1      | GordonOverkill the Formicid Berserker began the quest for
                  | the Orb.
     0 | D:1      | Reached XP level 1. HP: 18/18 MP: 1/1
    61 | D:1      | Found Pidaz's Distillery.
   184 | D:1      | Bought a potion of degeneration for 10 gold pieces
   479 | D:1      | Reached XP level 2. HP: 24/24 MP: 2/2
   561 | D:1      | Found a faded altar of an unknown god.
   855 | D:1      | Reached XP level 3. HP: 10/29 MP: 3/3
  1599 | D:1      | Found a faded altar of an unknown god.
  1710 | D:1      | Found Pidaz's Distillery.
  2470 | D:2      | Reached ** piety under Trog
  2534 | D:2      | Reached XP level 4. HP: 37/37 MP: 4/4
  2615 | D:2      | Reached skill level 1 in Shields
  3433 | D:3      | Found a white marble altar of Elyvilon.
  3433 | D:3      | Found a stormy altar of Qazlal.
  3949 | D:4      | Noticed an ogre
  3993 | D:3      | Reached XP level 5. HP: 38/42 MP: 5/5
  4338 | D:4      | Found a shadowy altar of Dithmenos.
  4375 | D:4      | Found a shimmering blue altar of Sif Muna.
  4403 | D:4      | Reached XP level 6. HP: 44/49 MP: 6/6
  4859 | D:4      | Found a blossoming altar of Fedhas.
  4921 | D:4      | Reached skill level 1 in Evocations
  5011 | D:4      | Noticed Blork the orc
  5028 | D:4      | Killed Blork the orc
  5029 | D:4      | Reached skill level 5 in Fighting
  5029 | D:4      | Reached skill level 5 in Axes
  5034 | D:4      | Found a hide-covered altar of Uskayaw.
  5094 | D:5      | Entered Level 5 of the Dungeon
  5103 | D:5      | Reached XP level 7. HP: 45/56 MP: 7/7
  6261 | D:5      | Noticed Eustachio
  6271 | D:5      | Killed Eustachio
  6272 | D:5      | Reached skill level 1 in Throwing
  6272 | D:5      | Reached XP level 8. HP: 44/65 MP: 8/8
  6578 | D:6      | Found a sparkling altar of Nemelex Xobeh.
  6599 | D:6      | Found a hazy altar of Hepliaklqana.
  7314 | D:6      | Found a staircase to the Ecumenical Temple.
  7351 | D:6      | Noticed Prince Ribbit
  7377 | D:6      | Killed Prince Ribbit
  7485 | D:6      | Reached XP level 9. HP: 60/72 MP: 9/9
  8333 | D:6      | Found a bloodstained altar of Trog.
  8442 | D:7      | Noticed a two-headed ogre
  8909 | D:7      | Reached skill level 1 in Maces & Flails
  8915 | D:7      | Reached skill level 5 in Evocations
  9142 | D:7      | Reached XP level 10. HP: 29/82 MP: 10/10
  9645 | D:7      | Found a broken altar of Ashenzari.
  9875 | D:8      | Noticed a two-headed ogre
  9977 | D:8      | Noticed a two-headed ogre
  9989 | D:8      | Killed a two-headed ogre
 10408 | D:8      | Reached skill level 5 in Throwing
 10410 | D:8      | Reached skill level 10 in Fighting
 10707 | D:8      | Reached skill level 5 in Maces & Flails
 11510 | D:8      | Killed a two-headed ogre
 11511 | D:8      | Reached XP level 11. HP: 81/90 MP: 11/11
 11591 | D:7      | Killed a two-headed ogre
 12181 | D:7      | Found a broken altar of Ashenzari.
 13154 | D:9      | Found a glowing golden altar of the Shining One.
 13532 | D:9      | Noticed a manticore
 13539 | D:9      | Killed a manticore
 13931 | D:9      | Found a basalt altar of Yredelemnul.
 14118 | D:9      | Noticed a two-headed ogre
 14140 | D:9      | Killed a two-headed ogre
 14459 | D:9      | Noticed a deep elf pyromancer
 14469 | D:9      | Reached skill level 10 in Maces & Flails
 14480 | D:9      | You fall into a shaft and drop 3 floors!
 14482 | D:12     | HP: 4/92 [orc warrior (11)]
 14485 | D:12     | Mangled by a spriggan

Illustrated notes

Levels and vault maps discovered:
D:1:      dpeg_arrival_long_road, layout_loops_ring,
          shapermc_ecumenical_altar_starsandcircs, serial_shops,
          nicolae_shop_crystal, minmay_nonomino_d4
D:2:      layout_rooms
D:3:      minmay_diamond_boxcup, layout_basic, gammafunk_temple_overflow_statue
D:4:      layout_rooms, nicolae_sif_muna_little_library,
          mainiacjoe_overflow_tiny_flanked, nicolae_overflow_hidden_temple,
          fedhas_altar_4, uniq_blork_the_orc
D:5:      layout_loops_corners, chequers_serial_rivers_micro_c, uniq_eustachio
D:6:      black_bear_nest_2, layout_cave_pools, old_standard_altar,
          general_overflow_altar, mainiacjoe_overflow_24_doors, temple_pool_b,
          roderic_roman_lattice, uniq_prince_ribbit1
D:7:      minmay_chambers_of_sixes, layout_loops_ring,
          mainiacjoe_overflow_alcove_4
D:8:      layout_cave_pools
D:9:      layout_loops_ring, nicolae_tso_swordbearing_angel,
          yredelemnul_forgotten_temple_becter, kennysheep_kite_vault
D:12:     kb_forest_paths, layout_loops_ring, minivault_16

Skill      XL: |  1  2  3  4  5  6  7  8  9 10 11 |
---------------+----------------------------------+-----
Dodging        | 2 |  2.0
Armour         | 3 4 |  4.3
Fighting       | 4 5 6 7 8 10 | 10.4
Shields        | 1 2 3 4 |  4.5
Axes           | 4 5 6 7 |  7.8
Evocations     | 1 2 3 5 |  5.0
Throwing       | 1 2 4 5 |  5.0
Maces & Flails | 2 7 10 | 10.0

Action                   |  1- 3 |  4- 6 |  7- 9 | 10-12 || total
-------------------------+-------+-------+-------+-------++-------
Melee: Hand axe          |   108 |   200 |   270 |       ||   578
       Morningstar       |       |       |    37 |   230 ||   267
Throw: Boomerang         |       |       |    19 |    19 ||    38
Invok: Trog's Hand       |       |     2 |    14 |    15 ||    31
 Abil: Dig               |     1 |     2 |     5 |       ||     8
       Shaft Self        |       |       |       |     1 ||     1
Evoke: Wand              |       |     2 |    23 |    13 ||    38
       Box of beasts     |       |       |       |     1 ||     1
  Use: Scroll            |     4 |     2 |     3 |    10 ||    19
       Potion            |       |     4 |       |     5 ||     9
 Stab: Sleeping          |     1 |       |       |       ||     1
       Distracted        |       |       |       |     1 ||     1
Armor: Animal skin       |    23 |       |       |       ||    23
       Ring mail         |    12 |    56 |    25 |    12 ||   105
       Scale mail        |       |     6 |    58 |       ||    64
       Plate armour      |       |       |       |   109 ||   109
Dodge: Dodged            |    92 |   126 |   155 |   103 ||   476
Block: Buckler           |     2 |    43 |    64 |    35 ||   144
